 Dungeon Crawl Stone Soup version 0.22-b1-59-g0aedee734a (webtiles) character file.

83 Ramireus the Poker (level 4, -2/34 HPs)
             Began as a Merfolk Skald on Aug 9, 2018.
             Killed from afar by Sigmund (6 damage)
             ... with a magic dart
             ... on level 3 of the Dungeon.
             The game lasted 00:09:48 (1796 turns).

Ramireus the Poker (Merfolk Skald)                  Turns: 1796, Time: 00:09:50

Health: -2/34      AC:  4    Str: 11    XL:     4   Next: 44%
Magic:  0/7        EV: 13    Int: 13    God:
Gold:   188        SH:  0    Dex: 13    Spells: 4/7 levels left

rFire    . . .     SeeInvis .   a - +0 spear
rCold    . . .     Gourm    .   (no shield)
rNeg     . . .     Faith    .   b - +0 leather armour
rPois    .         Spirit   .   (no helmet)
rElec    .         Reflect  .   k - +0 cloak
rCorr    .         Harm     .   (no gloves)
MR       .....                  (no boots)
Stlth    +.........             (no amulet)
HPRegen  0.11/turn              (no ring)
MPRegen  0.10/turn              (no ring)

@: lethally poisoned (-2 -> -17), infused, very slightly contaminated
A: change form in water, swift swim, stealthy swim
a: no special abilities


You were on level 3 of the Dungeon.
You were not hungry.

You visited 1 branch of the dungeon, and saw 3 of its levels.

You collected 188 gold pieces.

Inventory:

Hand Weapons
 a - a +0 spear (weapon)
Armour
 b - a +0 leather armour (worn)
 k - a +0 cloak (worn)
Wands
 r - a wand of polymorph (11)
 u - a wand of paralysis (13)
Scrolls
 c - a scroll of noise {unknown}
 f - 5 scrolls of identify
 g - a scroll of immolation {unknown}
 h - 2 scrolls of teleportation
 i - 2 scrolls of fog {unknown}
 j - 2 scrolls of remove curse
 n - a scroll of magic mapping {unknown}
 o - 2 scrolls of blinking {unknown}
 p - 2 scrolls of amnesia {unknown}
Potions
 e - 2 potions of lignification {unknown}
 m - 2 potions of invisibility {unknown}
 q - a potion of brilliance {unknown}
 s - a potion of mutation {unknown}
Comestibles
 d - a ration
 t - 4 chunks of flesh


   Skills:
 + Level 2.4 Fighting
 + Level 4.4 Polearms
 + Level 1.2 Armour
 + Level 3.5 Dodging
 + Level 2.2 Spellcasting
 + Level 3.9 Charms


You had 4 spell levels left.
You knew the following spells:

 Your Spells              Type           Power        Failure   Level  Hunger
a - Infusion              Chrm           ##..         7%          1    ##.....
b - Shroud of Golubria    Chrm/Tloc      #.........   22%         2    ###....

Your spell library contained the following spells:

 Spells                   Type           Power        Failure   Level  Hunger
 Magic Dart               Conj           #...         32%         1    ##.....
 Conjure Flame            Conj/Fire      #.......     69%         3    ####...
 Slow                     Hex            #.......     45%         2    ###....
 Mephitic Cloud           Conj/Pois/Air  #.......     69%         3    ####...
 Blink                    Tloc           N/A          43%         2    ###....
 Call Imp                 Summ           #.......     45%         2    ###....
 Regeneration             Chrm/Necr      #.........   41%         3    ####...
 Song of Slaying          Chrm           ##......     10%         2    ###....
 Spectral Weapon          Hex/Chrm       #.......     41%         3    ####...


Dungeon Overview and Level Annotations

Branches:
Dungeon (3/15)

Altars:
Okawaru
Sif Muna

Annotations:
D:3 Sigmund


Message History

Sigmund hits you from afar with a scythe of venom!
* * * LOW HITPOINT WARNING * * *
You are lethally poisoned!
Attack whom?
Press: ? - help, Dir - move target cursor, f/p - Sigmund
Aim: Sigmund, wielding a scythe of venom and wearing a robe (heavily wounded)
You reach to attack!
You hit Sigmund.
Sigmund is severely wounded.
* * * LOW HITPOINT WARNING * * *
You feel sick.
Attack whom?
Press: ? - help, Dir - move target cursor, f/p - Sigmund
Aim: Sigmund, wielding a scythe of venom and wearing a robe (severely wounded)
You reach to attack!
You hit Sigmund but do no damage.
Sigmund is severely wounded.
* * * LOW HITPOINT WARNING * * *
You feel sick. Sigmund gestures at you while chanting. The magic dart hits you!
You die...

.. .. #. #.## ..>
..# # ####... #o#
.####..... #@#
..#...... #.#
#......#########@#
........#........#
.#......#........#
........#........#
..#####..........#
..###...........)#
........########.#
###....## #.#
....#### #.#


You could see Sigmund and an orc.

Vanquished Creatures
  2 adders (D:2)
  2 worms
  3 leopard geckos
  An orc (D:3)
  3 bats
  4 giant cockroaches
  10 goblins
  6 hobgoblins
  2 jackals (D:3)
  4 kobolds
  A ball python (D:3)
  5 frilled lizards
  10 rats
53 creatures vanquished.

Notes
Turn   | Place    | Note
-------+----------+-------------------------------------------
     0 | D:1      | Ramireus the Merfolk Skald began the quest for the Orb.
     0 | D:1      | Reached XP level 1. HP: 16/16 MP: 3/3
    79 | D:1      | Reached XP level 2. HP: 16/22 MP: 5/5
   467 | D:1      | Reached XP level 3. HP: 28/28 MP: 6/6
   636 | D:1      | Learned a level 2 spell: Shroud of Golubria
   860 | D:2      | Reached skill level 1 in Armour
  1239 | D:2      | Found a deep blue altar of Sif Muna.
  1315 | D:2      | Reached skill level 4 in Polearms
  1315 | D:2      | Reached XP level 4. HP: 30/34 MP: 7/7
  1484 | D:3      | Found an iron altar of Okawaru.
  1778 | D:3      | Noticed Sigmund
  1796 | D:3      | Killed from afar by Sigmund

Skill      XL: |  1  2  3 |
---------------+----------+-----
Dodging        | 3 |  3.5
Armour         | 1 |  1.2
Polearms       | 4 |  4.4
Fighting       | |  2.4
Spellcasting   | |  2.2
Charms         | |  3.9

Action                   |  1- 3 |  4- 6 || total
-------------------------+-------+-------++-------
Melee: Spear             |   145 |    83 ||   228
 Cast: Infusion          |     4 |     3 ||     7
       Shroud of Golubri |       |     3 ||     3
  Use: Scroll            |       |     3 ||     3
       Potion            |       |     1 ||     1
  Eat: Chunk             |     1 |     3 ||     4
Armor: Leather armour    |    45 |    14 ||    59
Dodge: Dodged            |    75 |    57 ||   132
